 Dungeon Sprint DCSS version 0.30-a0-824-g6c64550be9 (webtiles) character file.

Game seed: 12009685303279039078

6600000 BigDaddyOpFi the Intangible (level 27, -8/228 HPs)
             Began as a Djinni Warper on Feb 27, 2023.
             Was the Champion of Makhleb.
             Killed by divine providence
             ... invoked by an accursed
              (16 damage)
             ... in the Dungeon (Sprint VIII: "Arena of Blood").
             The game lasted 00:01:34 (66 turns).

BigDaddyOpFi the Intangible (Djinni Warper)           Turns: 66, Time: 00:01:35

Health: -8/228     AC:  6    Str: 10    XL:     27
Gold:   0          EV: 36    Int: 17    God:    Makhleb [******] SH:  0 Dex: 25

rFire   + + .      SeeInvis .    h - +∞ Axe of Woe
rCold   x . .      Faith    .    (shield currently unavailable)
rNeg    . . .      Spirit   .    a - +0 leather armour
rPois   ∞          Reflect  .    (no helmet)
rElec   .          Harm     .    (no cloak)
rCorr   .          Rampage  .    (no gloves)
Will    ++...      NoTele   +    (boots unavailable)
Stlth   ++++++++++               (no amulet)
HPRegen 0.58/turn                (no ring)
MPRegen 0.00/turn                (no ring)

@: flying
A: sickness immunity, fire resistance 2, cold vulnerability 1, float, innate
caster, HP casting, extra vitality 1
a: Renounce Religion, Minor Destruction, Lesser Servant of Makhleb, Major
Destruction, Greater Servant of Makhleb


You were in the Dungeon.
You worshipped Makhleb.
Makhleb was exalted by your worship.
You visited 1 branch

Inventory:

Hand Weapons
 h - the +∞ Axe of Woe (weapon)
   (You found it in the Dungeon)
Missiles
 c - 7 boomerangs of dispersal (quivered)
Armour
 a - a +0 leather armour (worn)
Scrolls
 b - 2 scrolls of blinking
Potions
 d - a potion of curing
 e - a potion of heal wounds
 f - a potion of haste
 g - a potion of berserk rage


   Skills:
 O Level 27 Fighting
 O Level 27 Short Blades
 O Level 27 Long Blades
 O Level 27 Axes
 O Level 27 Maces & Flails
 O Level 27 Polearms
 O Level 27 Staves
 O Level 27 Ranged Weapons
 O Level 27 Throwing
 O Level 27 Armour
 O Level 27 Dodging
 O Level 27 Stealth
 O Level 27 Shields
 O Level 27 Unarmed Combat
 O Level 27 Spellcasting
 O Level 27 Invocations
 O Level 27 Evocations


You knew the following spells:

 Your Spells              Type           Power      Damage    Failure   Level
a - Blink                 Tloc           100%       N/A       0%          2
b - Lesser Beckoning      Tloc           100%       N/A       0%          2
c - Vhi's Electric Charg  Tloc/Air       100%       N/A       0%          3
d - Teleport Other        Tloc           86%        N/A       0%          3
e - Manifold Assault      Tloc           86%        N/A       0%          4
f - Apportation           Tloc           100%       N/A       0%          1
g - Passwall              Tmut/Erth      71%        N/A       0%          2
h - Portal Projectile     Hex/Tloc       100%       N/A       0%          3
i - Petrify               Tmut/Erth      86%        N/A       0%          4
j - Irradiate             Conj/Tmut      43%        3d26      0%          5
k - Silence               Hex/Air        43%        N/A       0%          5
l - Simulacrum            Ice/Necr       43%        N/A       0%          6
m - Haunt                 Necr/Summ      43%        N/A       1%          7
n - Dispersal             Tloc           43%        N/A       0%          6
o - Enfeeble              Hex            43%        N/A       1%          7
p - Borgnjor's Revivific  Necr           43%        N/A       1%          8
q - Necromutation         Tmut/Necr      43%        N/A       1%          8
r - Polar Vortex          Ice            43%        N/A       2%          9
Your spell library was empty.

Dungeon Overview and Level Annotations

Branches:
Dungeon (1/1)

Altars:
Makhleb


Innate Abilities, Weirdness & Mutations

You are immune to sickness and miasma.
You are immune to poison.
Your flesh is very heat resistant. (rF++)
You are vulnerable to cold. (rC-)
You float through the air rather than walking.
You learn spells naturally, not from books.
Your magical power is your life essence.
You have superior vitality. (+4 MHP)


Message History

You kill the meat berserker!
Makhleb accepts your kill.
You feel better.
You hit the meat beast. You chop the meat beast into pieces.
You kill the meat beast!
Makhleb accepts your kill.
You feel better.
You hear a shout! x6
A meat berserker comes into view. It is wielding a +9 battleaxe.
The eight-headed meat hydra calls on the powers of darkness!
The eight-headed meat hydra convulses!
The bag of meat convulses! x2
The meat berserker convulses!
The bag of meat convulses! x4
The meat berserker convulses!
The bag of meat convulses!
Your body is wracked with pain!
The meat berserker convulses!
Unknown command.
You dice the meat berserker like an onion!!!
You dissect the meat berserker like a pig carcass.
You kill the meat berserker!
Makhleb accepts your kill.
The meat berserker rages.
You hear a shout! x2
An accursed comes into view.
The meat berserker is engulfed in blazing flames.
The meat beast is engulfed in blazing flames.
Unknown command.
Casting: Vhi's Electric Charge (safe; 0% risk of failure)
Confirm with . or Enter, or press ? or * to list all spells.
Charge where?
Press: ? - help, Dir - move target You can't see anything there to charge at.
Okay, then.
An accursed and a meat beast come into view.
The meat berserker hits you with a +9 battleaxe!!!
* * * LOW HITPOINT WARNING * * *
You hear a shout!
The meat berserker rages.
The sculptor of flesh is engulfed in blazing flames.
You hear a shout!
The accursed gestures at you while chanting.
Something smites you!
You die...

#..).))))_..W......o........
....))).###....z....#.#.#..#
...###))o....###..o§§.....#.
.... #..)))..#.Mo.)§§§D....#
.....#.☼o).).#..))§zo).§..#
.......§§)))....).°OOo.§X...
......☼§○........#°..#.§X§..
......§)§......O#.2..#§2.LX#
......☼○☼§.).O##@)o..# ..XX#
....#..☼§○...#......#....##.
.............#...###....#o
...##.#............ ..#..o.
.. .........O..... .....
....#...M2####.. ...
............ .. .## .M. ...


You could see 3 accurseds, 2 meat beasts, an eight-headed meat hydra, a sculptor
of flesh, 4 meat berserkers and 3 bags of meat.

Vanquished Creatures
  2 hell beasts (D)
  Harold (D)
  12 vampire knights (D)
  31 ogres (D)
  7 two-headed ogres (D)
  3 liches (D)
  59 orcs (D)
  8 skeletal warriors (D)
123 creatures vanquished.

Notes
Turn   | Place    | Note
-------+----------+-------------------------------------------
     0 | D        | Found the +∞ Axe of Woe
     0 | D        | BigDaddyOpFi the Djinni Warper began the quest for the Orb.
     0 | D        | BigDaddyOpFi set off with the following spells memorised:
                  | Blink, Lesser Beckoning, Vhi's Electric Charge, Teleport
                  | Other, Manifold Assault.
     0 | D        | Reached XP level 1. HP: 18/18 MP: 0/0
     1 | D        | Noticed a meat berserker
     2 | D        | Noticed a bag of meat
     3 | D        | Killed a meat berserker
     3 | D        | Noticed a bag of meat
     4 | D        | Reached skill level 10 in Throwing
     4 | D        | Reached skill level 10 in Spellcasting
     4 | D        | Reached XP level 2. HP: 39/39 MP: 0/0
     4 | D        | Reached XP level 3. HP: 44/44 MP: 0/0
     4 | D        | Learned a level 1 spell: Apportation
     4 | D        | Reached XP level 4. HP: 50/50 MP: 0/0
     4 | D        | Reached XP level 5. HP: 56/56 MP: 0/0
     4 | D        | Learned a level 2 spell: Passwall
     4 | D        | Reached XP level 6. HP: 62/62 MP: 0/0
     4 | D        | Reached XP level 7. HP: 67/67 MP: 0/0
     4 | D        | Learned a level 3 spell: Portal Projectile
     4 | D        | Reached XP level 8. HP: 74/74 MP: 0/0
     4 | D        | Reached XP level 9. HP: 79/79 MP: 0/0
     4 | D        | Learned a level 4 spell: Petrify
     4 | D        | Reached XP level 10. HP: 85/85 MP: 0/0
     4 | D        | Reached XP level 11. HP: 90/90 MP: 0/0
     4 | D        | Learned a level 5 spell: Irradiate
     4 | D        | Reached XP level 12. HP: 96/96 MP: 0/0
     4 | D        | Noticed a bag of meat
     5 | D        | Became a worshipper of Makhleb the Destroyer
     6 | D        | Noticed a meat berserker
     7 | D        | Noticed a bag of meat
     8 | D        | Killed a bag of meat
     9 | D        | Reached XP level 13. HP: 103/103 MP: 0/0
     9 | D        | Learned a level 5 spell: Silence
     9 | D        | Noticed a bag of meat
     9 | D        | Noticed a bag of meat
    10 | D        | Killed a meat berserker
    10 | D        | Reached * piety under Makhleb
    10 | D        | Noticed a bag of meat
    10 | D        | Noticed a meat berserker
    11 | D        | Reached skill level 15 in Dodging
    11 | D        | Reached XP level 14. HP: 112/112 MP: 0/0
    11 | D        | Killed a bag of meat
    12 | D        | Reached skill level 15 in Fighting
    12 | D        | Reached skill level 15 in Unarmed Combat
    12 | D        | Killed a bag of meat
    12 | D        | Noticed a bag of meat
    13 | D        | Reached skill level 15 in Armour
    13 | D        | Killed a bag of meat
    13 | D        | Reached ** piety under Makhleb
    13 | D        | Killed a bag of meat
    13 | D        | Killed a meat berserker
    14 | D        | Reached skill level 10 in Axes
    14 | D        | Reached skill level 10 in Stealth
    14 | D        | Reached XP level 15. HP: 123/123 MP: 0/0
    14 | D        | Learned a level 6 spell: Simulacrum
    14 | D        | Reached *** piety under Makhleb
    15 | D        | Reached XP level 16. HP: 130/130 MP: 0/0
    15 | D        | Noticed a meat berserker
    16 | D        | Noticed a meat berserker
    16 | D        | Noticed a meat berserker
    18 | D        | Noticed a large bag of meat
    18 | D        | Noticed a large bag of meat
    18 | D        | Noticed a meat berserker
    18 | D        | Noticed a destroyer
    19 | D        | Noticed a large bag of meat
    19 | D        | Noticed a destroyer
    19 | D        | Noticed a meat berserker
    19 | D        | Noticed a meat berserker
    20 | D        | Noticed a destroyer
    20 | D        | Killed a destroyer
    20 | D        | Killed a meat berserker
    20 | D        | Reached **** piety under Makhleb
    20 | D        | Noticed a meat berserker
    21 | D        | Reached skill level 15 in Spellcasting
    21 | D        | Reached XP level 17. HP: 141/141 MP: 0/0
    21 | D        | Learned a level 7 spell: Haunt
    21 | D        | Killed a meat berserker
    21 | D        | Killed a destroyer
    21 | D        | Killed a destroyer
    21 | D        | Noticed a meat berserker
    22 | D        | Reached XP level 18. HP: 153/153 MP: 0/0
    22 | D        | Killed a meat berserker
    22 | D        | Reached ***** piety under Makhleb
    22 | D        | Killed a large bag of meat
    22 | D        | Killed a meat berserker
    22 | D        | Noticed a destroyer
    22 | D        | Noticed a meat berserker
    23 | D        | Reached XP level 19. HP: 152/162 MP: 0/0
    23 | D        | Learned a level 6 spell: Dispersal
    23 | D        | Noticed a destroyer
    23 | D        | Killed a meat berserker
    23 | D        | Noticed The Servant
    24 | D        | Reached XP level 20. HP: 171/171 MP: 0/0
    24 | D        | Noticed a meat berserker
    24 | D        | Reached ****** piety under Makhleb
    24 | D        | Noticed a destroyer
    25 | D        | Killed The Servant
    25 | D        | Noticed a meat berserker
    25 | D        | Noticed a meat berserker
    26 | D        | Reached XP level 21. HP: 182/182 MP: 0/0
    26 | D        | Learned a level 7 spell: Enfeeble
    26 | D        | Noticed a destroyer
    26 | D        | Killed a destroyer
    27 | D        | Reached skill level 27 in Dodging
    27 | D        | Killed a meat berserker
    28 | D        | Noticed a large bag of meat
    28 | D        | Killed a large bag of meat
    28 | D        | Killed a large bag of meat
    28 | D        | Noticed a large bag of meat
    28 | D        | Noticed a destroyer
    29 | D        | Reached skill level 27 in Fighting
    29 | D        | Reached skill level 27 in Armour
    29 | D        | Reached skill level 27 in Unarmed Combat
    29 | D        | Reached XP level 22. HP: 167/194 MP: 0/0
    29 | D        | Killed a meat berserker
    29 | D        | Killed a meat berserker
    30 | D        | Reached skill level 27 in Invocations
    30 | D        | Reached XP level 23. HP: 197/201 MP: 0/0
    30 | D        | Learned a level 8 spell: Borgnjor's Revivification
    30 | D        | Killed a large bag of meat
    31 | D        | Killed a large bag of meat
    32 | D        | Reached skill level 27 in Throwing
    32 | D        | Reached skill level 27 in Stealth
    32 | D        | Killed a destroyer
    33 | D        | Reached skill level 27 in Axes
    33 | D        | Reached skill level 27 in Spellcasting
    33 | D        | Reached skill level 1 in Maces & Flails
    33 | D        | Reached skill level 1 in Polearms
    33 | D        | Reached skill level 1 in Ranged Weapons
    33 | D        | Killed a destroyer
    34 | D        | Reached skill level 10 in Shields
    34 | D        | Reached skill level 10 in Evocations
    34 | D        | Reached XP level 24. HP: 208/208 MP: 0/0
    34 | D        | Noticed a destroyer
    34 | D        | Noticed a destroyer
    36 | D        | Reached XP level 25. HP: 214/214 MP: 0/0
    36 | D        | Learned a level 8 spell: Necromutation
    36 | D        | Killed a destroyer
    37 | D        | Reached skill level 15 in Shields
    37 | D        | Reached skill level 15 in Evocations
    37 | D        | Killed a destroyer
    38 | D        | Reached skill level 15 in Short Blades
    38 | D        | Reached skill level 15 in Long Blades
    38 | D        | Reached skill level 15 in Staves
    38 | D        | Killed a destroyer
    39 | D        | Reached XP level 26. HP: 221/221 MP: 0/0
    39 | D        | Noticed a destroyer
    40 | D        | Noticed a tyrant
    40 | D        | Noticed a destroyer
    40 | D        | Noticed a tyrant
    41 | D        | Noticed a tyrant
    42 | D        | Killed a tyrant
    43 | D        | Reached XP level 27. HP: 228/228 MP: 0/0
    43 | D        | Learned a level 9 spell: Polar Vortex
    43 | D        | Killed a destroyer
    44 | D        | Killed a destroyer
    47 | D        | Killed a tyrant
    48 | D        | Reached skill level 27 in Shields
    48 | D        | Reached skill level 27 in Evocations
    49 | D        | Noticed a large bag of meat
    49 | D        | Killed a tyrant
    49 | D        | Noticed a large bag of meat
    50 | D        | Reached skill level 27 in Short Blades
    50 | D        | Reached skill level 27 in Long Blades
    50 | D        | Reached skill level 27 in Staves
    50 | D        | Killed a destroyer
    51 | D        | Reached skill level 27 in Maces & Flails
    51 | D        | Reached skill level 27 in Polearms
    51 | D        | Reached skill level 27 in Ranged Weapons
    55 | D        | Noticed an accursed
    57 | D        | Noticed a tyrant
    58 | D        | Noticed an accursed
    59 | D        | Killed a large bag of meat
    60 | D        | Noticed a meat beast
    61 | D        | Killed a large bag of meat
    62 | D        | Noticed a dread
    62 | D        | Noticed a meat beast
    62 | D        | Noticed a meat beast
    63 | D        | Noticed a tyrant
    64 | D        | Killed a meat beast
    64 | D        | Killed a meat beast
    65 | D        | Noticed an accursed
    66 | D        | Noticed an accursed
    66 | D        | Noticed a meat beast
    66 | D        | HP: 8/228 [meat berserker/+9 battleaxe (69)]
    66 | D        | Killed from afar by an accursed

Illustrated notes

Levels and vault maps discovered:
D:        meatsprint

Skill      XL: |  1  2  3  4  5  6  7  8  9 10 11 12 13 14 15 16 17 18 19 20 21 22 23 24 25 26 27 |
---------------+----------------------------------------------------------------------------------+-----
Fighting       | 12 13 14 16 17 19 21 22 23 25 27 | 27.0
Throwing       | 10 11 12 14 16 17 19 20 21 24 25 27 | 27.0
Armour         | 12 13 14 16 17 18 20 22 23 24 27 | 27.0
Dodging        | 13 14 15 18 20 22 24 25 26 27 | 27.0
Unarmed Combat | 12 13 14 16 17 19 21 22 23 25 27 | 27.0
Spellcasting   | 10 11 13 15 16 18 20 22 24 27 | 27.0
Axes           | 3 6 10 12 14 16 17 19 22 24 27 | 27.0
Stealth        | 4 6 10 11 13 16 18 19 20 24 26 27 | 27.0
Invocations    | 4 7 11 12 14 17 19 20 22 25 27 | 27.0
Short Blades   | 9 13 17 21 27 | 27.0
Long Blades    | 9 13 17 21 27 | 27.0
Maces & Flails | 8 12 16 20 27 | 27.0
Polearms       | 8 12 16 20 27 | 27.0
Staves         | 9 13 17 21 27 | 27.0
Ranged Weapons | 8 12 16 20 27 | 27.0
Shields        | 10 14 19 23 27 | 27.0
Evocations     | 10 14 19 23 27 | 27.0

Action                     |  1- 3 |  4- 6 |  7- 9 | 10-12 | 13-15 | 16-18 | 19-21 | 22-24 | 25-27 || total
---------------------------+-------+-------+-------+-------+-------+-------+-------+-------+-------++-------
  Melee: Executioner's axe |     1 |       |       |     1 |     5 |     4 |     6 |     7 |    29 ||    53
   Cast: Vhi's Electric Ch |       |       |       |       |       |       |     2 |     3 |     5 ||    10
  Dodge: Dodged            |       |       |       |       |     2 |       |       |       |     3 ||     5

Table legend: (Time is in decaauts)
 A = Elapsed time spent in this place.
 B = Non-inter-level travel time spent in this place.
 C = Inter-level travel time spent in this place.
 D = Time resting spent in this place.
 E = Time spent auto-exploring this place.
 F = Levels seen in this place.
 G = Mean time per level.
                   A        B        C        D        E       F      G
               +--------+--------+--------+--------+--------+-----+--------+
         Total |     62 |     62 |      0 |      0 |      0 |   1 |   62.0 |
       Dungeon |     62 |     62 |      0 |      0 |      0 |   1 |   62.0 |
               +--------+--------+--------+--------+--------+-----+--------+

Top non-repeatable levels by time:
       D: 62 daAuts
